 Dungeon Crawl Stone Soup version 0.30-a0-939-gc8157cb160 (webtiles) character file.

Game seed: 16007125328009154375

4842 DeathPants the Slicer (level 10, -19/53 HPs)
             Began as a Vine Stalker Gladiator on Mar 25, 2023.
             Was an Initiate of Gozag.
             Demolished by a shadow (28 damage)
             ... on level 9 of the Dungeon.
             The game lasted 00:19:51 (6275 turns).

DeathPants the Slicer (Vine Stalker Gladiator)      Turns: 6275, Time: 00:19:52

Health: -19/53     AC: 15    Str: 18    XL:     10   Next: 49%
Magic:  0/17       EV: 13    Int: 10    God:    Gozag
Gold:   1844       SH:  5    Dex: 17    Spells: 17/17 levels left

rFire   + . .      SeeInvis .    a - +0 rapier (elec)
rCold   . . .      Faith    .    (no shield)
rNeg    . . .      Spirit   +    B - +2 scale mail {rF+}
rPois   .          Reflect  +    c - +0 helmet
rElec   .          Rampage  .    H - +0 cloak
rCorr   +                        n - +0 pair of gloves
Will    +....                    o - +2 pair of boots
Stlth   +                        s - amulet of reflection
HPRegen 1.08/turn                i - ring of resist corrosion
MPRegen 0.15/turn                l - +4 ring of slaying

@: about to teleport, gold aura, hasted, very quick
A: fangs 3, regeneration 1, magic shield, antimagic bite, no potion heal 2
a: Renounce Religion, Potion Petition, Call Merchant, Bribe Branch


You were on level 9 of the Dungeon.
You worshipped Gozag.
Gozag was most pleased with you.
You visited 2 branches of the dungeon, and saw 10 of its levels.

You collected 1917 gold pieces.
You paid 73 gold pieces to Gozag.

Inventory:

Hand Weapons
 a - a +0 rapier of electrocution (weapon)
 b - a +3 scimitar of flaming
 F - a +4 dagger
Missiles
 d - 4 throwing nets
 j - 2 atropa-tipped darts (quivered)
 m - a boomerang
 r - 21 poisoned darts
Armour
 c - a +0 helmet (worn)
 n - a +0 pair of gloves (worn)
 o - a +2 pair of boots (worn)
 B - a +2 scale mail of fire resistance (worn)
 H - a +0 cloak (worn)
Jewellery
 i - a ring of resist corrosion (left hand)
 l - a +4 ring of slaying (right hand)
 s - an amulet of reflection (around neck)
 I - a ring of see invisible
Wands
 q - a wand of mindburst (16)
 u - a wand of acid (9)
 D - a wand of digging (2)
 G - a wand of iceblast (2)
Scrolls
 g - 5 scrolls of teleportation
 h - 3 scrolls of blinking
 p - 2 scrolls of magic mapping
 y - 2 scrolls of amnesia
Potions
 e - 3 potions of flight {unknown}
 f - 2 potions of resistance
 k - a potion of mutation
 t - a potion of haste
 w - a potion of cancellation
 x - a potion of magic {unknown}
 z - 4 potions of attraction {unknown}
 A - 2 potions of invisibility {unknown}
 C - 4 potions of curing {unknown}
 E - 2 potions of berserk rage {unknown}
 J - a potion of brilliance {unknown}


   Skills:
 + Level 6.8 Fighting
 * Level 8.3 Short Blades
 - Level 1.7 Throwing
 - Level 3.7 Armour
 + Level 6.5 Dodging
 - Level 3.8 Stealth
 + Level 4.2 Spellcasting


You had 17 spell levels left.
You didn't know any spells.
Your spell library contained the following spells:

 Spells                   Type           Power      Damage    Failure   Level
 Slow                     Hex            8%         N/A       61%         1
 Ensorcelled Hibernation  Hex/Ice        4%         N/A       75%         2
 Lesser Beckoning         Tloc           4%         N/A       75%         2
 Sublimation of Blood     Necr           2%         N/A       75%         2
 Wereblood                Tmut           2%         N/A       75%         2
 Confusing Touch          Hex            2%         N/A       93%         3
 Gell's Gravitas          Tloc           2%         N/A       93%         3
 Spider Form              Tmut/Pois      2%         N/A       93%         3
 Teleport Other           Tloc           2%         N/A       93%         3
 Vampiric Draining        Necr           2%         2d6       93%         3
 Vhi's Electric Charge    Tloc/Air       4%         N/A       93%         3
 Anguish                  Hex/Necr       1%         N/A       100%        4
 Arcjolt                  Conj/Air       1%         1d11      100%        5
 Summon Hydra             Summ           1%         N/A       100%        7
 Maxwell's Capacitive Co  Air            1%         ∞         100%        8


Dungeon Overview and Level Annotations

Branches:
Dungeon (9/15)             Temple (1/1) D:4
   Lair: D:8-11         Orc: D:9-12

Altars:
Ashenzari
Cheibriados
Dithmenos
Gozag
Hepliaklqana
Makhleb
Okawaru
Qazlal
Ru
Sif Muna
Trog
Uskayaw
Vehumet
Wu Jian
Xom
Yredelemnul
Zin
The Shining One

Annotations:
D:3 2 transporters, grumposus's ghost, amateur VSBr
D:4 1 runed translucent door, exclusion: statue


Innate Abilities, Weirdness & Mutations

You have razor-sharp teeth.
Your natural rate of healing is unusually fast.
When hurt, damage is shared between your health and your magic reserves.
Your bite disrupts and absorbs the magic of your enemies.
Potions cannot restore your health.


Message History

The orc priest invokes the aid of Beogh against you.
Beogh smites you! The orc hits you but does no damage. The troll bites you.
The troll claws you but does no damage. The troll closely misses you.
You hit the orc warrior.
Lightning courses through the orc warrior!
Your bite misses the orc warrior.
The orc warrior is heavily wounded.
The orc warrior hits you with a +0 short sword!
* * * LOW HITPOINT WARNING * * *
You closely miss the orc warrior.
The orc warrior is heavily wounded.
The orc priest calls down the wrath of Beogh upon you.
Pain shoots through your body!
* * * LOW HITPOINT WARNING * * *
The orc barely misses you. The troll bites you but does no damage.
The troll claws you but does no damage. x2
The orc warrior is distracted by your dazzling golden aura.
Aiming: Iceblast
Press: ? - help, Shift-Dir - straight line, f - troll
Aim: a troll The mass of ice explodes!
The iceblast engulfs the troll!
The troll is moderately wounded.
The iceblast engulfs the orc.
The orc is moderately wounded.
You feel a bit more experienced.
The iceblast engulfs the orc warrior.
The orc warrior is severely wounded.
The orc warrior is no longer distracted by gold.
The iceblast engulfs something.
Okay, then.
As you read the scroll of fear, it crumbles to dust.
You assume a fearsome visage.
The troll looks frightened!
The orc warrior looks frightened!
The orc priest resists with some effort.
The troll attempts to regain its composure.
As you read the scroll of teleportation, it crumbles to dust.
You feel strangely unstable.
The shadow strikes at you from the darkness!
Ouch! That really hurt!
You die...
Your body crumbles into a pile of gold.

#..#######....
##.#..........###.
#.#.......#......
##.#......#.......
.....$... .......
#......# .......
#......# o...... #.
#.?...##T......
##.###....@$..o....
..........##o......
..........#########
..................
.................. $
.........(........
#..................
#...####.##.###..####
.. #... #..#.###.....
..#


You could see a troll (fleeing), an orc warrior (fleeing) and an orc priest.

Vanquished Creatures
  A two-headed ogre (D:9)
  Erica (D:8)
  Pikel (D:3)
  Maurice (D:8)
  Grinder (D:4)
  Sigmund (D:2)
  Eustachio (D:5)
  A wraith (D:9)
  A wyvern (D:7)
  Edmund (D:5)
  2 orc warriors
  2 ice beasts (D:6)
  A black bear (D:7)
  An ogre (D:5)
  A kobold brigand (D:8)
  A lemure (D:3)
  4 bullfrogs
  A gnoll sergeant (D:5)
  A scorpion (D:6)
  8 wights
  2 orc priests
  4 hounds
  A jelly (D:8)
  A gnoll bouda (D:5)
  5 iguanas
  Ijyb (D:3)
  5 orc wizards
  6 adders
  9 gnolls (D:5)
  A shadow imp (D:5)
  2 white imps
  An ufetubus (D:5)
  3 dart slugs
  16 orcs
  5 ball pythons
  3 bats
  3 endoplasms
  A giant cockroach (D:1)
  8 goblins
  A hobgoblin (D:3)
  2 jackals (D:5)
  A quokka (D:2)
  3 frilled lizards
  A goblin zombie (D:4)
  12 kobolds
  A kobold skeleton (D:4)
  8 rats
138 creatures vanquished.

Vanquished Creatures (others)
  A fungus (D:7)
1 creature vanquished.

Grand Total: 139 creatures vanquished

Notes
Turn   | Place    | Note
-------+----------+-------------------------------------------
     0 | D:1      | DeathPants the Vine Stalker Gladiator began the quest for
                  | the Orb.
     0 | D:1      | Reached XP level 1. HP: 11/11 MP: 2/2
   139 | D:1      | Found a faded altar of an unknown god.
   422 | D:1      | Reached XP level 2. HP: 8/15 MP: 0/3
   482 | D:1      | Reached skill level 1 in Stealth
   887 | D:2      | Found a sacrificial altar of Ru.
   998 | D:2      | Reached skill level 3 in Short Blades
   998 | D:2      | Reached XP level 3. HP: 5/18 MP: 4/4
  1075 | D:2      | Gained mutation: Your natural rate of healing is unusually
                  | fast. [Vine Stalker growth]
  1075 | D:2      | Reached XP level 4. HP: 23/23 MP: 5/5
  1378 | D:2      | Noticed Sigmund
  1395 | D:2      | Killed Sigmund
  1396 | D:2      | Reached XP level 5. HP: 28/28 MP: 6/6
  1396 | D:2      | Reached XP level 6. HP: 32/32 MP: 7/7
  1756 | D:3      | Noticed Ijyb
  1758 | D:3      | Killed Ijyb
  1769 | D:3      | Noticed grumposus's ghost (amateur VSBr)
  1817 | D:3      | Found a transporter.
  1821 | D:3      | Found a transporter.
  1985 | D:4      | Noticed Grinder
  1987 | D:4      | Paralysed by Grinder for 2 turns
  1993 | D:4      | Killed Grinder
  1994 | D:4      | Reached skill level 4 in Short Blades
  1994 | D:4      | Reached skill level 1 in Armour
  1994 | D:4      | Reached XP level 7. HP: 36/36 MP: 8/8
  2249 | D:4      | Found a glowing silver altar of Zin.
  2251 | D:4      | Found a staircase to the Ecumenical Temple.
  2255 | D:4      | Noticed Pikel
  2327 | D:3      | Killed Pikel
  2328 | D:3      | Gained mutation: You have razor-sharp teeth. [Vine Stalker
                  | growth]
  2328 | D:3      | Reached XP level 8. HP: 10/42 MP: 2/9
  2417 | D:5      | Entered Level 5 of the Dungeon
  2489 | Temple   | Entered the Ecumenical Temple
  2544 | Temple   | Became a worshipper of Gozag Ym Sagoz the Greedy
  2583 | D:4      | Found a radiant altar of Vehumet.
  2610 | D:5      | Noticed Eustachio
  2617 | D:5      | Killed Eustachio
  2618 | D:5      | Reached skill level 5 in Short Blades
  2694 | D:4      | Found a runed translucent door.
  2700 | D:4      | Found a basalt altar of Yredelemnul.
  2751 | D:4      | Found a shadowy altar of Dithmenos.
  2952 | D:4      | Found a stormy altar of Qazlal.
  2952 | D:4      | Found a bloodstained altar of Trog.
  2952 | D:4      | Found a burning altar of Makhleb.
  3124 | D:5      | Noticed Edmund
  3136 | D:5      | Killed Edmund
  3498 | D:5      | Reached skill level 5 in Fighting
  3647 | D:5      | Reached skill level 5 in Dodging
  4158 | D:6      | Reached XP level 9. HP: 47/47 MP: 10/10
  4251 | D:7      | Found a snail-covered altar of Cheibriados.
  4334 | D:6      | Reached skill level 6 in Short Blades
  4569 | D:6      | Found a broken altar of Ashenzari.
  4571 | D:6      | Reached skill level 1 in Spellcasting
  4844 | D:7      | Found a hazy altar of Hepliaklqana.
  5245 | D:7      | Reached skill level 7 in Short Blades
  5277 | D:7      | Identified a scroll of acquirement
  5277 | D:7      | Acquired 888 gold pieces
  5620 | D:8      | Noticed Erica
  5636 | D:8      | Killed Erica
  5637 | D:8      | Reached XP level 10. HP: 29/53 MP: 12/16
  5908 | D:8      | Found an ornate altar of the Wu Jian Council.
  5910 | D:8      | Noticed Maurice
  5933 | D:8      | Killed Maurice
  6219 | D:9      | Reached skill level 8 in Short Blades
  6251 | D:9      | Noticed a two-headed ogre
  6266 | D:9      | Killed a two-headed ogre
  6275 | D:9      | Demolished by a shadow

Illustrated notes

Levels and vault maps discovered:
D:1:      dpeg_arrival_water_temple_mockup, layout_loops_cross,
          ebering_ecumenical_altar_sacrificial, hex_large
D:2:      kennysheep_six_static_rooms, layout_loops_ring, basic_altar,
          uniq_sigmund
D:3:      layout_loops_ring, gammafunk_ghost_arena, uniq_ijyb
D:4:      layout_rooms, dk_yredelemnul_ordeal,
          grunt_dithmenos_smoke_and_mirrors, vehumet_statue,
          gammafunk_temple_overflow_claw, mainiacjoe_overflow_boulevard,
          minmay_temple_entry_tees, uniq_pikel, uniq_grinder
D:5:      layout_basic, serial_curves, eino_curves_04, eino_curves_03,
          uniq_eustachio, uniq_edmund
D:6:      layout_loops_ring, mainiacjoe_overflow_alcove_2, minivault_24
D:7:      layout_cave_pods, mainiacjoe_overflow_cross_hatched,
          mainiacjoe_overflow_small_starburst, enter_bailey_3
D:8:      layout_cave_pools, nzn_wu_jian_contemplation,
          kennysheep_generic_room_13, uniq_erica, uniq_maurice
D:9:      layout_rooms
Temple:   jpeg_temple_clearing

Skill      XL: |  1  2  3  4  5  6  7  8  9 10 |
---------------+-------------------------------+-----
Fighting       | 2 3 4 5 6 |  6.8
Stealth        | 1 2 3 |  3.8
Short Blades   | 3 4 5 7 8 |  8.3
Dodging        | 3 4 5 6 |  6.5
Armour         | 1 2 3 |  3.7
Spellcasting   | 3 4 |  4.2
Throwing       | |  1.7

Action                     |  1- 3 |  4- 6 |  7- 9 | 10-12 || total
---------------------------+-------+-------+-------+-------++-------
  Melee: Rapier            |    52 |    40 |   133 |    53 ||   278
         Bite              |    11 |    14 |    67 |    10 ||   102
         Punch             |       |     1 |     1 |       ||     2
         Dagger            |       |     8 |    65 |       ||    73
  Throw: Throwing net      |       |     3 |     3 |       ||     6
         Dart              |       |       |     4 |     3 ||     7
         Javelin           |       |       |     1 |       ||     1
  Evoke: Wand              |       |     3 |       |     1 ||     4
    Use: Scroll            |       |     9 |    11 |     2 ||    22
         Potion            |       |       |     1 |     1 ||     2
   Stab: Sleeping          |     1 |     4 |     1 |     1 ||     7
         Held in net/web   |       |     1 |     2 |       ||     3
         Invisible         |       |       |     1 |       ||     1
         Distracted        |       |       |     1 |       ||     1
 Armour: Leather armour    |    17 |     4 |       |       ||    21
         Scale mail        |       |       |    54 |    21 ||    75
  Dodge: Dodged            |    29 |    13 |    95 |    17 ||   154
  Block: Other             |     5 |     3 |    39 |    12 ||    59
         Reflection        |       |       |       |     1 ||     1

Table legend: (Time is in decaauts)
 A = Elapsed time spent in this place.
 B = Non-inter-level travel time spent in this place.
 C = Inter-level travel time spent in this place.
 D = Time resting spent in this place.
 E = Time spent auto-exploring this place.
 F = Levels seen in this place.
 G = Mean time per level.
                   A        B        C        D        E       F      G
               +--------+--------+--------+--------+--------+-----+--------+
         Total |   6243 |   6024 |    219 |    245 |   4157 |  10 |  624.3 |
       Dungeon |   6171 |   5977 |    194 |    245 |   4121 |   9 |  685.7 |
        Temple |     71 |     46 |     25 |      0 |     36 |   1 |   71.0 |
               +--------+--------+--------+--------+--------+-----+--------+

Top non-repeatable levels by time:
     D:5: 1060 daAuts
     D:2: 882 daAuts
     D:7: 787 daAuts
     D:3: 736 daAuts
     D:1: 681 daAuts
     D:4: 677 daAuts
     D:6: 661 daAuts
     D:8: 575 daAuts
     D:9: 108 daAuts
  Temple: 71 daAuts
